 Dungeon Crawl Stone Soup version 0.27-a0-1189-gb8eb6cee8e (webtiles) character file.

Game seed: 3376425200432740764

136 experimilk the Cudgeller (level 5, 0/32 HPs)
             Began as a Gargoyle Gladiator on May 22, 2021.
             Slain by a mummy (1 damage)
             ... in an ossuary.
             The game lasted 00:10:06 (4015 turns).

experimilk the Cudgeller (Gargoyle Gladiator)       Turns: 4015, Time: 00:10:07

Health: 0/32       AC: 15    Str: 17    XL:     5   Next: 19%
Magic:  5/5        EV:  7    Int:  9    God:
Gold:   93         SH:  0    Dex: 12    Spells: 2/4 levels left

rFire    . . .     SeeInvis +   a - +0 flail
rCold    . . .     Faith    .   (no shield)
rNeg     + . .     Spirit   .   f - +0 chain mail
rPois    ∞         Reflect  .   c - +0 helmet
rElec    +         Harm     .   r - +0 cloak
rCorr    .         Rampage  .   (no gloves)
Will     .....                  (no boots)
Stlth    ..........             (no amulet)
HPRegen  0.10/turn              i - ring of see invisible
MPRegen  0.09/turn              (no ring)

@: attractive
A: sickness immunity, AC +4, negative energy resistance 1, electricity
resistance, torment resistance 1, petrification resistance
a: no special abilities


You were in an ossuary.
You visited 1 branch of the dungeon, and saw 4 of its levels.
You also visited: Ossuary.

You collected 147 gold pieces.
You spent 54 gold pieces at shops.

Inventory:

Hand Weapons
 a - a +0 flail (weapon)
 e - a +1 whip of holy wrath
Missiles
 d - 3 throwing nets
 l - 47 stones (quivered)
Armour
 b - a +0 leather armour
 c - a +0 helmet (worn)
 f - a +0 chain mail (worn)
 m - a +0 scale mail
 r - a +0 cloak (worn)
Jewellery
 i - a ring of see invisible (left hand)
Scrolls
 h - a scroll of summoning {unknown}
 j - a scroll of immolation {unknown}
 n - a scroll of enchant armour {unknown}
 o - a scroll of fear {unknown}
 q - a scroll of vulnerability {unknown}
 s - a scroll of amnesia {unknown}
Potions
 k - a potion of mutation
 p - a potion of cancellation


   Skills:
 + Level 3.4 Fighting
 * Level 4.5 Maces & Flails
 - Level 1.7 Throwing
 + Level 2.3 Armour
 - Level 2.4 Dodging


You had 2 spell levels left.
You knew the following spells:

 Your Spells              Type           Power      Damage    Failure   Level
a - Passwall              Tmut/Erth      0%         N/A       100%        2

Your spell library contained the following spells:

 Spells                   Type           Power      Damage    Failure   Level
 Sandblast                Erth           0%         2d4       100%        1
 Stone Arrow              Conj/Erth      0%         3d7       100%        3
 Petrify                  Tmut/Erth      0%         N/A       100%        4
 Lee's Rapid Deconstruct  Erth           0%         3d5*      100%        5


Dungeon Overview and Level Annotations

Branches:
Dungeon (4/15)            Ossuary (1/1)
 Temple: D:4-7

Altars:
Dithmenos

Shops:
D:3 [


Innate Abilities, Weirdness & Mutations

You are immune to sickness and miasma.
Your stone body is resilient. (AC +4)
You are immune to poison.
You resist negative energy. (rN+)
You are resistant to electric shocks. (rElec)
You are resistant to unholy torment.
You are immune to petrification.


Message History

Unknown command.
Okay, then.
Okay, then.
Okay, then.
The mummy barely misses you.
You hit the mummy.
The mummy is almost destroyed.
The mummy hits you but does no damage.
You hit the mummy but do no damage.
The mummy is almost destroyed.
You hit the mummy.
The mummy is lightly damaged.
The mummy hits you!
* * * LOW HITPOINT WARNING * * *
The mummy hits you but does no damage. x2
There is an empty arch of ancient stone here.
You feel better.
A centaur zombie comes into view.
The mummy barely misses you.
You closely miss the mummy.
The mummy is almost destroyed.
You closely miss the mummy.
The mummy is almost destroyed.
The mummy hits you but does no damage. The mummy barely misses you.
The mummy hits you!
* * * LOW HITPOINT WARNING * * *
There is an empty arch of ancient stone here.
You hit the mummy.
You destroy the mummy!
The mummy hits you.
* * * LOW HITPOINT WARNING * * *
The mummy hits you but does no damage.
The centaur zombie hits you but does no damage.
The centaur zombie kicks you but does no damage.
It was a potion of attraction.
You feel attractive to monsters.
The centaur zombie hits you but does no damage.
The centaur zombie kicks you but does no damage.
The mummy hits you but does no damage. The mummy hits you.
You die...

#
.#.###########
..^..........##
........@M....#
......∩MZ.....#
^^^...........#
..^..........##
.#.###########
#


You could see 2 mummies and a centaur zombie.

Vanquished Creatures
  A mummy (Ossuary)
  3 adders (D:3)
  3 gnolls (D:2)
  A white imp (D:3)
  A dart slug (D:2)
  2 orcs (D:3)
  5 bats
  3 endoplasms
  4 giant cockroaches
  2 goblins (D:2)
  7 hobgoblins
  7 kobolds
  2 quokkas (D:2)
  10 ball pythons
  A frilled lizard (D:3)
  7 rats
59 creatures vanquished.

Vanquished Creatures (others)
  15 plants (D:1)
15 creatures vanquished.

Grand Total: 74 creatures vanquished

Notes
Turn   | Place    | Note
-------+----------+-------------------------------------------
     0 | D:1      | experimilk the Gargoyle Gladiator began the quest for the
                  | Orb.
     0 | D:1      | Reached XP level 1. HP: 12/12 MP: 1/1
   474 | D:1      | Reached XP level 2. HP: 18/18 MP: 2/2
  1224 | D:2      | Reached skill level 1 in Armour
  1250 | D:2      | Found a faded altar of an unknown god.
  1373 | D:2      | Reached XP level 3. HP: 21/22 MP: 3/3
  1971 | D:2      | Reached skill level 4 in Maces & Flails
  1971 | D:2      | Reached XP level 4. HP: 25/27 MP: 4/4
  2480 | D:2      | Learned a level 2 spell: Passwall
  3418 | D:3      | Found a shadowy altar of Dithmenos.
  3434 | D:3      | Found Cyijua's Armour Shoppe.
  3541 | D:3      | Reached XP level 5. HP: 31/32 MP: 5/5
  3560 | D:3      | Bought a +0 cloak for 54 gold pieces
  3988 | D:4      | Found a sand-covered staircase.
  3995 | Ossuary  | Entered an ossuary
  4013 | Ossuary  | HP: 1/32 [mummy (5)]
  4015 | Ossuary  | Slain by a mummy

Illustrated notes

Levels and vault maps discovered:
D:1:      erik_arrival_orb_chamber, layout_basic, serial_bayou_lagoon_a,
          minmay_misc_feat_ornament, serial_park_tiny_2, st_stairs_13
D:2:      layout_basic, ebering_ecumenical_altar_box, minmay_tiny_reverse_x
D:3:      layout_rooms, lemuel_round_altar, serial_shops, nicolae_shop_crystal
D:4:      minmay_spotlight, layout_basic, enter_ossuary_4
Ossuary:  ossuary_the_hunt_dpeg

Skill      XL: |  1  2  3  4 |
---------------+-------------+-----
Armour         | 1 2 |  2.3
Maces & Flails | 4 |  4.5
Fighting       | 3 |  3.4
Throwing       | |  1.7
Dodging        | |  2.4

Action                   |  1- 3 |  4- 6 || total
-------------------------+-------+-------++-------
Melee: Flail             |   105 |    98 ||   203
Throw: Stone             |     8 |    27 ||    35
  Use: Scroll            |     1 |     3 ||     4
       Potion            |     1 |     2 ||     3
Armor: Leather armour    |    35 |       ||    35
       Scale mail        |    17 |    34 ||    51
       Chain mail        |       |    13 ||    13
Dodge: Dodged            |    80 |    68 ||   148

Table legend: (Time is in decaauts)
 A = Elapsed time spent in this place.
 B = Non-inter-level travel time spent in this place.
 C = Inter-level travel time spent in this place.
 D = Time resting spent in this place.
 E = Time spent auto-exploring this place.
 F = Levels seen in this place.
 G = Mean time per level.
                   A        B        C        D        E       F      G
               +--------+--------+--------+--------+--------+-----+--------+
         Total |   4063 |   3900 |    163 |   1550 |   1199 |   5 |  812.6 |
       Dungeon |   4042 |   3879 |    163 |   1550 |   1199 |   4 | 1010.5 |
       Ossuary |     21 |     21 |      0 |      0 |      0 |   1 |   21.0 |
               +--------+--------+--------+--------+--------+-----+--------+

Top non-repeatable levels by time:
     D:2: 1666 daAuts
     D:1: 1223 daAuts
     D:3: 1093 daAuts
     D:4: 58 daAuts
 Ossuary: 21 daAuts
